 Dungeon Crawl Stone Soup version 0.25-a0-413-g3b4b6a4ccc (webtiles) character file.

Game seed: 18021521296546625596, levelgen mode: deterministic

248 MrRokkomies the Ducker (level 5, -1/24 HPs)
             Began as a Spriggan Necromancer on Jan 14, 2020.
             Killed from afar by an orc wizard (10 damage)
             ... with a magic dart
             ... on level 4 of the Dungeon.
             The game lasted 00:12:31 (3713 turns).

MrRokkomies the Ducker (Spriggan Necromancer)       Turns: 3713, Time: 00:12:32

Health: -1/24      AC:  2    Str:  5    XL:     5   Next: 86%
Magic:  3/10       EV: 20    Int: 16    God:
Gold:   216        SH:  0    Dex: 17    Spells: 5/9 levels left

rFire    . . .     SeeInvis +   a - +2 dagger (drain)
rCold    . . .     Gourm    .   (shield restricted)
rNeg     . . .     Faith    .   g - +0 robe
rPois    .         Spirit   .   (helmet restricted)
rElec    .         Reflect  .   (no cloak)
rCorr    .         Harm     .   (gloves unavailable)
MR       +....                  (boots unavailable)
Stlth    +++.......             (no amulet)
HPRegen  0.08/turn              i - ring of protection from magic
MPRegen  0.12/turn              (no ring)

@: very slightly contaminated, very quick
A: very small, unfitting armour, see invisible, herbivore, speed 3, slow
metabolism 2
a: no special abilities


You were on level 4 of the Dungeon.
You were not hungry.

You visited 1 branch of the dungeon, and saw 4 of its levels.

You collected 216 gold pieces.

Inventory:

Hand Weapons
 a - a +2 dagger of draining (weapon)
 b - a +0 hunting sling
Missiles
 m - 29 sling bullets
 n - 2 poisoned darts
 o - 5 boomerangs (quivered)
Armour
 g - a +0 robe (worn)
Jewellery
 i - a ring of protection from magic (left hand)
Scrolls
 k - a scroll of remove curse
Potions
 d - a potion of might
 e - 4 potions of heal wounds
 f - a potion of mutation {unknown}
 j - a potion of curing
 l - a potion of berserk rage {unknown}
Comestibles
 c - 8 rations


   Skills:
 * Level 2.9 Short Blades
 + Level 4.9 Dodging
 + Level 4.7 Stealth
 - Level 2.6 Spellcasting
 * Level 4.9 Necromancy


You had 5 spell levels left.
You knew the following spells:

 Your Spells              Type           Power        Failure   Level  Hunger
a - Pain                  Necr           ###.         2%          1    #......
b - Vampiric Draining     Necr           ###.......   8%          3    ###....

Your spell library contained the following spells:

 Spells                   Type           Power        Failure   Level  Hunger
 Animate Skeleton         Necr           N/A          2%          1    #......
 Animate Dead             Necr           N/A          26%         4    #####..
 Agony                    Necr           ###.....     56%         5    ######.


Dungeon Overview and Level Annotations

Branches:
Dungeon (4/15)
 Temple: D:4-7

Altars:
Uskayaw
The Shining One


Innate Abilities, Weirdness & Mutations

You are very small and have problems with some larger weapons.
You are too small for most types of armour.
You have supernaturally acute eyesight. (SInv)
You are a herbivore.
You cover ground extremely quickly.
You need to consume almost no food.


Message History

Aim: an ogre, wielding a +0 giant spiked club (lightly wounded)
You throw a curare-tipped dart. The curare-tipped dart hits the ogre.
The ogre is poisoned.
The ogre convulses.
The ogre seems to slow down.
The ogre is heavily wounded.
Fire/throw which item? (* to show all) (? for menu, Esc to quit)
Throwing (i - inventory. (/) - cycle)
o - 5 boomerangs (quivered)
Press: ? - help, Shift-Dir - straight line, f/p - ogre
Aim: an ogre, wielding a +0 giant spiked club (severely wounded, slow, very poisoned)
You throw a poisoned dart. The poisoned dart hits the ogre.
The ogre looks even sicker.
The ogre is severely wounded.
Fire/throw which item? (* to show all) (? for menu, Esc to quit)
Throwing (i - inventory. (/) - cycle)
o - 5 boomerangs (quivered)
Press: ? - help, Shift-Dir - straight line, f/p - ogre
Aim: an ogre, wielding a +0 giant spiked club (severely wounded, slow, very poisoned)
You throw a poisoned dart. The poisoned dart hits the ogre.
The ogre is severely wounded.
The orc wizard gestures at you while chanting.
The magic dart hits you!
You die...

#....§oZ##.## #.#
####.##†##..# #.#
####.##o##..## ##.#
......Zo(.o[.##
####..#####
#####...###Oo.#
#..........# #..##
##.## #.########.#
#.## ##.# #.# #.#
#.###.## #.##
##.@....# #..##
##.#####.####
#...###..##.......#
###....#.##.......#
#.#.##.##.......#
#.#..#.##.......#
#.##.#.##..^....#
#.##.#.##.......#
#......##....(..#


You could see an ogre, an orc wizard and an orc.

Vanquished Creatures
  A scorpion (D:4)
  Jessica (D:3)
  An orc wizard (D:3)
  4 gnolls (D:2)
  2 adders
  3 oozes (D:1)
  A worm (D:4)
  2 dart slugs
  4 leopard geckos
  5 orcs
  A ball python (D:1)
  8 bats
  2 giant cockroaches
  10 goblins
  7 hobgoblins
  A quokka (D:2)
  6 frilled lizards
  6 kobolds
  5 rats (D:1)
70 creatures vanquished.

Notes
Turn   | Place    | Note
-------+----------+-------------------------------------------
     0 | D:1      | MrRokkomies the Spriggan Necromancer began the quest for
                  | the Orb.
     0 | D:1      | Reached XP level 1. HP: 9/9 MP: 5/5
   398 | D:1      | Reached XP level 2. HP: 2/13 MP: 0/6
   981 | D:1      | Reached XP level 3. HP: 2/16 MP: 0/8
  2118 | D:2      | Learned a level 3 spell: Vampiric Draining
  2149 | D:2      | Reached skill level 1 in Short Blades
  2157 | D:2      | Reached XP level 4. HP: 20/21 MP: 7/9
  2292 | D:2      | Noticed a +0 hand axe
  2293 | D:2      | Noticed a +0 dagger
  2294 | D:2      | Found a hide-covered altar of Uskayaw.
  2610 | D:2      | Found a faded altar of an unknown god.
  2865 | D:3      | Reached XP level 5. HP: 24/24 MP: 10/10
  2955 | D:3      | Noticed Jessica
  2971 | D:3      | Killed Jessica
  3135 | D:3      | Found a glowing golden altar of the Shining One.
  3673 | D:4      | Noticed an ogre
  3713 | D:4      | Killed from afar by an orc wizard

Levels and vault maps discovered:
D:1:      dpeg_arrival_rooms_with_view, layout_loops_cross
D:2:      layout_basic, dancing_weapons_uskayaw,
          chequers_ecumenical_altar_simple_redux, serial_glass, glass_columns_c,
          glass_columns_c, glass_columns_b, glass_columns_b
D:3:      layout_loops_corners, lemuel_round_altar, first_ration,
          kennysheep_doodads, uniq_jessica
D:4:      layout_loops_cross, yredelemnul_forgotten_temple_becter,
          temple_fountains, serial_shops, nicolae_shop_statue_plus

Skill      XL: |  1  2  3  4 |
---------------+-------------+-----
Dodging        | 4 |  4.9
Necromancy     | 4 |  4.9
Short Blades   | 1 2 |  2.9
Stealth        | 4 |  4.7
Spellcasting   | |  2.6

Action                   |  1- 3 |  4- 6 || total
-------------------------+-------+-------++-------
Melee: Dagger            |    55 |   102 ||   157
 Fire: Hunting sling     |       |     9 ||     9
Throw: Dart              |     2 |     8 ||    10
 Cast: Pain              |    50 |    10 ||    60
       Vampiric Draining |       |     4 ||     4
  Use: Scroll            |     6 |     4 ||    10
       Potion            |       |     1 ||     1
 Stab: Sleeping          |     2 |     6 ||     8
  Eat: Ration            |       |     1 ||     1
Armor: Robe              |     4 |    10 ||    14
Dodge: Dodged            |    54 |    65 ||   119

Table legend:
 A = Non-vault XP
 B = Vault XP
 C = Vault XP percentage of total XP
 D = Non-vault monster count
 E = Vault monster count
 F = Vault count percentage of total count
                 A         B        C        D         E       F
            +---------+---------+-------+---------+---------+-------
      Total |     314 |      41 |  11.5 |      67 |       3 |   4.3
            +---------+---------+-------+---------+---------+-------
        D:1 |      66 |       4 |   5.7 |      30 |       2 |   6.2
        D:2 |      83 |       0 |   0.0 |      16 |       0 |   0.0
        D:3 |      80 |      37 |  31.6 |      18 |       1 |   5.3
        D:4 |      85 |       0 |   0.0 |       3 |       0 |   0.0
            +---------+---------+-------+---------+---------+-------
